Map: [ESL] Babylon

Players

Strange - Winner!

  • Race: Protoss Protoss
  • Spawn Location: 11:00

Bly

  • Race: Zerg Zerg
  • Spawn Location: 5:00

Event: ESL SC2 Masters 2023 Summer (Regionals)

VOD

Have the link to the VOD?

Description

Time

  • Played on: May 14, 2023, 1:27 p.m.
  • Length: 7:29

All games in this series

Show
View Real Time Build Order
Export as new Build Order

Strange Protoss - Winner!

Build Orders:  

Get SALT Encoding   

  12  0:00  Probe  
  13  0:12  Probe  
  14  0:19  Pylon  
  14  0:24  Probe (Chrono Boost)  
  15  0:37  Probe (Chrono Boost)  
  15  0:39  Gateway  
  16  0:46  Probe (Chrono Boost)  
  16  0:47  Assimilator  
  17  0:52  Probe  
  18  1:04  Probe  
  19  1:07  Gateway  
  19  1:16  Pylon  
  20  1:24  Zealot (Chrono Boost)  
  19  1:27  Cybernetics Core  
  19  1:30  Probe  
  22  1:42  Zealot (Chrono Boost)  
  22  1:43  Probe  
  25  1:55  Probe  
  25  1:58  Pylon  
  26  2:07  Adept (Chrono Boost)  
  28  2:10  Adept (Chrono Boost)  
  28  2:11  Probe  
  28  2:13  Assimilator  
  31  2:23  Probe, Warp Gate  
  31  2:29  Adept  
  34  2:32  Pylon  
  34  2:40  Adept  
  34  2:43  Probe  
  36  2:55  Probe  
  37  3:01  Adept  
  39  3:17  Nexus  
  39  3:22  Pylon  
  38  3:42  Probe  
  38  3:46  Twilight Council  
  37  3:57  Probe  
  36  4:09  Probe  
  37  4:11  Adept  
  37  4:12  Adept  
  41  4:17  Resonating Glaives (Chrono Boost)  
  41  4:23  Probe (Chrono Boost)  
  36  4:29  Probe (Chrono Boost)  
  35  4:34  Pylon  
  37  4:38  Probe x2 (Chrono Boost)  
  37  4:40  Sentry  
  37  4:41  Adept  
  37  4:45  Probe  
  43  4:46  Probe  
  43  4:54  Gateway  
  43  4:56  Gateway  
  43  4:57  Probe  
  45  5:00  Probe  
  45  5:09  Probe  
  45  5:12  Gateway x2  
  46  5:20  Stalker  
  48  5:22  Probe, Adept  
  48  5:24  Probe  
  48  5:34  Probe  
  49  5:36  Probe  
  50  5:46  Probe, Adept x2  
  50  5:48  Probe  
  56  5:55  Adept x2  
  60  5:58  Probe  
  60  6:00  Probe  
  62  6:05  Pylon  
  62  6:07  Adept  
  62  6:08  Adept x3  
  62  6:11  Pylon  
  67  6:27  Adept x2  
  67  6:28  Adept x3  
  67  6:30  Adept  
  79  6:34  Pylon  
  79  6:35  Dark Shrine, Probe  
  80  6:44  Probe  
  81  6:47  Assimilator  
  81  6:48  Pylon  
  81  6:49  Assimilator  
  81  6:52  Sentry  
  83  7:09  Adept  
  83  7:10  Adept x4  
  83  7:15  Probe  
Show
View Real Time Build Order
Export as new Build Order

Bly Zerg 

Build Orders: 3 Hatch before Pool 

Get SALT Encoding   

  12  0:00  Drone  
  13  0:12  Overlord  
  13  0:16  Drone  
  14  0:30  Drone  
  14  0:31  Drone  
  16  0:47  Drone  
  17  0:57  Hatchery  
  16  1:16  Hatchery  
  15  1:19  Drone  
  15  1:23  Drone  
  17  1:26  Drone  
  18  1:37  Extractor  
  17  1:42  Spawning Pool  
  16  1:48  Drone x2  
  16  1:53  Drone  
  19  2:05  Drone  
  20  2:13  Overlord  
  20  2:29  Queen x2  
  24  2:30  Zergling x4  
  27  2:37  Zergling x2  
  27  2:41  Metabolic Boost  
  28  2:44  Zergling x2  
  28  2:47  Zergling x4  
  30  2:56  Zergling x4  
  31  3:11  Queen  
  31  3:12  Overlord  
  33  3:27  Zergling x6  
  36  3:36  Zergling x6  
  32  3:52  Zergling x2  
  32  3:53  Zergling x10  
  30  4:09  Zergling x2  
  29  4:10  Zergling x4  
  29  4:22  Drone  
  29  4:23  Drone x7  
  36  4:28  Queen  
  38  4:37  Drone x3  
  39  4:52  Hatchery  
  38  4:55  Drone  
  38  4:56  Drone  
  40  5:00  Drone x2  
  42  5:09  Baneling Nest  
  42  5:10  Overlord  
  39  5:22  Drone x4  
  39  5:24  Overlord  
  43  5:28  Overlord  
  43  5:37  Queen  
  43  5:41  Overlord x2  
  45  5:56  Zergling x10  
  50  6:01  Zergling x8  
  54  6:05  Queen  
  56  6:11  Zergling x2  
  56  6:12  Zergling x8  
  56  6:15  Extractor  
  58  6:24  Overlord  
  58  6:28  Baneling x6  
  58  6:33  Zergling x16  
  58  6:35  Spore Crawler  
  65  6:43  Overlord  
  65  6:45  Baneling x4  
  63  6:47  Overlord  
  48  7:09  Zergling x2  
  48  7:10  Zergling x10  
Tags
 
Add a new tag
Caveats
  • Supply blocks, unpowered buildings, or Contaminate may cause inaccurate times.
  • Supply counts are checked every 10 seconds.